 Dungeon Crawl Stone Soup version 0.32-a0-433-g08bcfe7 (webtiles) character file.

Game seed: 11013302568133762436

2605 Nithhogg the Cleaver (level 9, -5/123 HPs)
             Began as a Mountain Dwarf Fighter on Feb 22, 2024.
             Was an Initiate of Qazlal.
             Slain by an orc warrior
             ... wielding a +0 war axe
              (23 damage)
             ... in a bailey.
             The game lasted 00:07:40 (4564 turns).

Nithhogg the Cleaver (Mountain Dwarf Fighter)       Turns: 4564, Time: 00:07:41

Health: -5/123     AC: 24    Str: 22    XL:     9   Next: 33%
Magic:  9/9        EV:  2    Int: 10    God:    Qazlal [......]
Gold:   298        SH:  4    Dex:  9    Spells: 8/8 levels left

rFire   + . .        a - +1 war axe
rCold   + . .        c - +0 buckler
rNeg    . . .        p - melded +5 plate armour "Efyshiv" {Str+3 Int+2}
rPois   +            d - melded +0 helmet
rElec   .            (cloak currently unavailable)
rCorr   .            (gloves currently unavailable)
SInv    .            (boots currently unavailable)
Will    .....        (no amulet)
Stlth   +            w - ring "Eptemaes" {rF+ rC+}
HPRegen 0.40/turn    (no ring)
MPRegen 0.11/turn

%: no passive effects
@: tree-form
A: stationary, stasis, torment immunity, boosted hp, runic magic, artefact
enchanting
a: Renounce Religion


You were in a bailey.
You worshipped Qazlal.
Qazlal was noncommittal.
You were a tree.
You visited 2 branches of the dungeon, and saw 8 of its levels.
You also visited: Bailey.

You collected 298 gold pieces.

Inventory:

Hand Weapons
 a - a +1 war axe (weapon)
 n - a +2 heavy scythe
Missiles
 h - a throwing net (quivered)
 u - 6 boomerangs
 v - 2 atropa-tipped darts
Armour
 b - a +0 scale mail
 c - a +0 buckler (worn)
 d - a +0 helmet (melded)
 o - a scarf of invisibility
 p - the +5 plate armour "Efyshiv" (melded) {Str+3 Int+2}
   (You found it on level 4 of the Dungeon)

   Str+3:     It affects your strength (+3).
   Int+2:     It affects your intelligence (+2).
 r - a scarf of harm
Jewellery
 w - the ring "Eptemaes" (left branch) {rF+ rC+}
   (You found it on level 5 of the Dungeon)

   [ring of protection from fire]

   rF+:       It protects you from fire.
   rC+:       It protects you from cold.
 z - an amulet of magic regeneration
Wands
 g - a wand of digging (5)
 l - a wand of flame (9)
Scrolls
 m - a scroll of amnesia
 q - 3 scrolls of teleportation
 t - 2 scrolls of identify
 x - a scroll of noise
Potions
 e - a potion of heal wounds {unknown}
 f - a potion of lignification
 i - a potion of degeneration {unknown}
 j - a potion of attraction {unknown}
 k - a potion of brilliance {unknown}
 s - 2 potions of haste {unknown}
 B - a potion of ambrosia {unknown}


   Skills:
 + Level 8.8 Fighting
 * Level 12.5 Axes
 - Level 3.2 Armour
 - Level 3.2 Shields


You had 8 spell levels left.
You didn't know any spells.
Your spell library contained the following spells:

 Spells                   Type           Power      Damage    Failure   Level
 Foxfire                  Conj/Fire      0%         2x1d4     43%         1
 Leda's Liquefaction      Alch/Erth      0%         N/A       99%         4
 Lee's Rapid Deconstruct  Erth           0%         3d4*      100%        5
 Bombard                  Conj/Erth      0%         9d1       100%        6
 Plasma Beam              Fire/Air       0%         2x1d10    100%        6
 Starburst                Conj/Fire      0%         6d3       100%        6


Dungeon Overview and Level Annotations

Branches:
Dungeon (7/15)             Temple (1/1) D:5          Bailey (1/1)

Altars:
Ashenzari
Dithmenos
Elyvilon
Fedhas
Gozag
Hepliaklqana
Kikubaaqudgha
Makhleb
Nemelex Xobeh
Okawaru
Qazlal
Ru
Uskayaw
Vehumet
Wu Jian
Xom
Yredelemnul
Zin
The Shining One

Shops:
D:3 (


Innate Abilities, Weirdness & Mutations

You are a tree.
Your roots penetrate the ground, keeping you stationary.
You cannot be teleported.
You are immune to unholy pain and torment.
Your maximum health is greatly increased.
Your equipment is partially melded.
Your spellcasting is much less encumbered by armour.
You can use scrolls of enchantment on lesser artefacts.


Message History

The orc knight is lightly wounded.
You slash the kobold!
You kill the kobold!
Qazlal accepts your kill.
The orc knight hits you with a +0 war axe!
* * * LOW HITPOINT WARNING * * *
You closely miss the orc knight.
The orc knight is lightly wounded.
You closely miss the goblin.
The orc knight hits you with a +0 war axe!
* * * LOW HITPOINT WARNING * * *
The goblin hits you but does no damage.
You hit the orc knight but do no damage.
The orc knight is lightly wounded.
You slash the goblin!
You kill the goblin!
Qazlal accepts your kill. The orc knight completely misses you.
You slash the orc knight!
The orc knight is lightly wounded.
You hit the goblin.
You kill the goblin!
Qazlal accepts your kill.
The orc knight hits you but does no damage.
You closely miss the orc knight.
The orc knight is lightly wounded.
You hit the orc warrior. The orc knight barely misses you.
The orc warrior hits you but does no damage.
You closely miss the orc knight.
The orc knight is lightly wounded.
You barely miss the orc warrior.
The orc knight hits you but does no damage.
The orc warrior hits you with a +0 war axe.
* * * LOW HITPOINT WARNING * * *
You barely miss the orc warrior.
The orc warrior is lightly wounded.
You hit the orc knight but do no damage.
You block the orc knight's attack.
The orc warrior hits you with a +0 war axe!!
You die...

##..))).≈≈≈≈≈#########≈≈≈
###....)≈≈≈≈≈≈∩#.ogK...#K≈≈
#≈≈≈≈≈≈≈~≈~.####.o.g...#
≈≈≈≈≈≈≈~.....#..####'###
#####......###.... og
###.....# '..###
#.......###g.#
#.....⌠..(.#oo#
##.........#♣##
##..........)#
####.............
#############.


You could see an orc knight, an orc warrior (strong) and a gnoll.

Vanquished Creatures
  Sigmund (D:5)
  5 sky beasts
  3 black bears
  4 orc warriors (Bailey)
  An ogre (D:6)
  An ice beast (D:7)
  A centaur (D:7)
  Blork the orc (D:5)
  2 bullfrogs
  4 scorpions
  3 hounds
  2 jellies (D:6)
  A bombardier beetle (D:3)
  A gnoll bouda (D:4)
  4 iguanas
  3 orc wizards
  4 gnolls
  12 adders
  4 ufetubi
  6 orcs
  8 ball pythons
  2 endoplasms (D:3)
  6 giant cockroaches
  12 goblins
  5 hobgoblins
  7 jackals (D:3)
  17 kobolds
  6 quokkas
  6 bats
  3 frilled lizards
  8 rats
143 creatures vanquished.

Notes
Turn   | Place    | Note
-------+----------+-------------------------------------------
     0 | D:1      | Nithhogg the Mountain Dwarf Fighter began the quest for the
                  | Orb.
     0 | D:1      | Reached XP level 1. HP: 19/19 MP: 1/1
    59 | D:1      | Reached skill level 3 in Axes
    61 | D:1      | Reached XP level 2. HP: 26/26 MP: 2/2
   262 | D:1      | Reached XP level 3. HP: 29/33 MP: 3/3
   685 | D:2      | Reached skill level 4 in Axes
  1149 | D:3      | Noticed a black bear
  1159 | D:3      | Killed a black bear
  1160 | D:3      | Reached skill level 5 in Axes
  1160 | D:3      | Reached XP level 4. HP: 33/41 MP: 4/4
  1160 | D:3      | Reached XP level 5. HP: 38/47 MP: 5/5
  1272 | D:3      | Found Zithuax's Weapon Emporium.
  1319 | D:3      | Found a blossoming altar of Fedhas.
  1692 | D:3      | Reached skill level 6 in Axes
  1790 | D:4      | Reached skill level 5 in Fighting
  1790 | D:4      | Reached XP level 6. HP: 56/56 MP: 6/6
  1815 | D:4      | Found a glowing golden altar of the Shining One.
  1838 | D:4      | Found an iron altar of Okawaru.
  1842 | D:4      | Identified the +5 plate armour "Efyshiv" {Str+3 Int+2}
  2343 | D:5      | Entered Level 5 of the Dungeon
  2356 | D:5      | Reached skill level 7 in Axes
  2375 | D:5      | Found a staircase to the Ecumenical Temple.
  2388 | Temple   | Entered the Ecumenical Temple
  2477 | D:5      | Reached XP level 7. HP: 62/62 MP: 7/7
  2494 | D:5      | Found an ornate altar of the Wu Jian Council.
  2576 | D:5      | Noticed Sigmund
  2585 | D:5      | Killed Sigmund
  2586 | D:5      | Reached skill level 8 in Axes
  2728 | D:5      | Noticed Blork the orc
  2734 | D:5      | Killed Blork the orc
  2806 | D:5      | Identified the ring "Eptemaes" {rF+ rC+}
  3053 | D:5      | Found an opulent altar of Gozag.
  3308 | D:6      | Reached skill level 9 in Axes
  3323 | D:6      | Reached XP level 8. HP: 69/71 MP: 8/8
  3483 | D:6      | Reached skill level 10 in Axes
  4148 | D:7      | Reached skill level 11 in Axes
  4218 | D:7      | Found a stormy altar of Qazlal.
  4239 | D:7      | Reached XP level 9. HP: 35/81 MP: 9/9
  4244 | D:7      | Became a worshipper of Qazlal Stormbringer
  4376 | D:7      | Found a flagged portal.
  4390 | Bailey   | Entered a bailey
  4459 | Bailey   | Noticed an orc knight
  4480 | Bailey   | Reached skill level 12 in Axes
  4564 | Bailey   | Slain by an orc warrior

Illustrated notes

Levels and vault maps discovered:
D:1:      minmay_arrival_plants_in_alcoves, layout_basic
D:2:      layout_basic
D:3:      layout_loops_cross, fedhas_altar_2, serial_shops,
          nicolae_lakefront_shop
D:4:      layout_rooms, lemuel_crystal_altar, tso_altar, minmay_splitting_lines
D:5:      layout_loops_cross, nicolae_wu_jian_wuxing_cycle,
          mainiacjoe_overflow_catwalk, minmay_temple_entry_mist,
          chequers_serial_rivers_room_b, kennysheep_cluttered_room,
          serial_park_tiny_pond, nicolae_figureground_sparkle, uniq_sigmund,
          uniq_blork_the_orc
D:6:      layout_loops_cross
D:7:      layout_loops_ring, nicolae_qazlal_beasts_of_the_sky, enter_bailey_6
Temple:   nicolae_temple_god_jail
Bailey:   bailey_axe_4, bailey

Skill      XL: |  1  2  3  4  5  6  7  8  9 |
---------------+----------------------------+-----
Axes           | 3 5 6 7 9 11 12 | 12.5
Fighting       | 4 5 6 8 |  8.8
Armour         | |  3.2
Shields        | |  3.2

Action                     |  1- 3 |  4- 6 |  7- 9 || total
---------------------------+-------+-------+-------++-------
  Melee: War axe           |   126 |    87 |   241 ||   454
  Throw: Throwing net      |       |       |     1 ||     1
  Evoke: Wand              |       |       |     2 ||     2
    Use: Potion            |     1 |       |     1 ||     2
         Scroll            |       |     9 |     4 ||    13
 Armour: Scale mail        |    95 |    22 |       ||   117
         Plate armour      |       |    59 |   218 ||   277
         Skin              |       |       |    18 ||    18
  Dodge: Dodged            |    59 |    43 |    76 ||   178
  Block: Buckler           |    28 |    21 |    47 ||    96

Table legend: (Time is in decaauts)
 A = Elapsed time spent in this place.
 B = Non-inter-level travel time spent in this place.
 C = Inter-level travel time spent in this place.
 D = Time resting spent in this place.
 E = Time spent auto-exploring this place.
 F = Levels seen in this place.
 G = Mean time per level.
                   A        B        C        D        E       F      G
               +--------+--------+--------+--------+--------+-----+--------+
         Total |   4637 |   4507 |    130 |     86 |   3240 |   9 |  515.2 |
       Dungeon |   4462 |   4333 |    129 |     26 |   3238 |   7 |  637.4 |
        Temple |      1 |      0 |      1 |      0 |      0 |   1 |    1.0 |
        Bailey |    172 |    172 |      0 |     60 |      2 |   1 |  172.0 |
               +--------+--------+--------+--------+--------+-----+--------+

Top non-repeatable levels by time:
     D:5: 970 daAuts
     D:6: 789 daAuts
     D:3: 772 daAuts
     D:4: 589 daAuts
     D:2: 519 daAuts
     D:1: 518 daAuts
     D:7: 301 daAuts
  Bailey: 172 daAuts
  Temple: 1 daAuts
